 Dungeon Crawl Stone Soup version 0.32-a0-685-g93135e86f0 (webtiles) character file.

Game seed: 17037891545974620265

246795 hikkokomori the Evocator (level 19, -2/229 HPs)
             Began as a Coglin Berserker on Mar 12, 2024.
             Was the Champion of Trog.
             Slain by a yaktaur (9 damage)
             ... led by a yaktaur captain
             ... on level 1 of the Vaults.
             The game lasted 01:22:41 (38190 turns).

hikkokomori the Evocator (Coglin Berserker)        Turns: 38190, Time: 01:22:42

Health: -2/229     AC: 31    Str: 25    XL:     19   Next: 52%
Magic:  19/19      EV: 16    Int:  7    God:    Trog [******]
Gold:   1741       SH:  0    Dex: 18    Spells: 18/18 levels left

rFire   + . .        H - +5 demon whip (freeze) {Jinae}
rCold   + + +        S - +11 lance "Wyrmbane" {slay drac, rPois rF+ rC+ AC+3}
rNeg    + . .        C - +6 chain mail of Hospitality {rC+ Will++ Str+4 Stlth+}
rPois   +            K - +1 helmet of Greed {Rampage}
rElec   .            r - +1 cloak of the Sun {^Drain rC+ rN+}
rCorr   .            d - +0 pair of gloves
SInv    .            J - +2 pair of boots {Fly}
Will    ++++.        (amulet unavailable) Stlth
                     (ring unavailable)
HPRegen 0.58/turn    (ring unavailable)
MPRegen 0.16/turn    b
                       - NW-40 hydromodule {Gadgeteer, Will+ Slay+3}

%: rampage
@: berserking, flying, revving, very quick
A: off-hand wielding, slow wielding, warmup strikes, no jewellery, persistent
drain
}: 2/15 runes: decaying, gossamer
a: Renounce Religion, Berserk, Trog's Hand, Brothers in Arms


You were on level 1 of the Vaults.
You worshipped Trog.
Trog was exalted by your worship.
You visited 7 branches of the dungeon, and saw 32 of its levels.
You also visited: Trove and Ice Cave.

You collected 4440 gold pieces.
You spent 2699 gold pieces at shops.

Inventory:

Hand Weapons
 t - a +6 heavy demon trident
 H - a +5 demon whip of freezing (weapon) {Jinae}
 S - the +11 lance "Wyrmbane" (offhand) {slay drac, rPois rF+ rC+ AC+3}
   (You took it off Maggie on level 8 of the Dungeon)

   AC+3:      It affects your AC (+3).
   rF+:       It protects you from fire.
   rC+:       It protects you from cold.
   rPois:     It protects you from poison.
 V - a +9 dagger of speed {Djefatnebti}
Missiles
 e - 2 throwing nets
 F - 18 javelins
 P - a curare-tipped dart
 R - 13 atropa-tipped darts
Armour
 a - a +0 pair of boots of stealth
 d - a +0 pair of gloves (worn)
 r - the +1 cloak of the Sun (worn) {^Drain rC+ rN+}
   (You bought it in a shop on level 2 of the Orcish Mines)

   rC+:       It protects you from cold.
   rN+:       It protects you from negative energy.
   ^Drain:    It drains your maximum health when unequipped.
 C - the +6 chain mail of Hospitality (worn) {rC+ Will++ Str+4 Stlth+}
   (You found it in a treasure trove)

   Str+4:     It affects your strength (+4).
   rC+:       It protects you from cold.
   Will++:    It greatly increases your willpower.
   Stlth+:    It makes you more stealthy.
 J - a +2 pair of boots of flying (worn)
 K - the +1 helmet of Greed (worn) {Rampage}
   (You found it in a treasure trove)

   Rampage:   It bestows one free step when moving towards enemies.
Gizmo
 b - a NW-40 hydromodule (installed) {Gadgeteer, Will+ Slay+3}
   (You invented it yourself on level 4 of the Lair of Beasts)

   [NW-40 hydromodule]

   Gadgeteer: Your evocable items recharge 30% faster and wands have a 30%
   chance to not spend a charge.
   Slay+3:    It affects your accuracy & damage with ranged weapons and melee
   (+3).
   Will+:     It increases your willpower.
Wands
 c - a wand of flame (39) (quivered)
 k - a wand of quicksilver (25)
 v - a wand of paralysis (25)
 w - a wand of mindburst (27)
 z - a wand of warping (21)
 D - a wand of digging (5)
 Y - a wand of polymorph (10)
Scrolls
 g - a scroll of torment
 h - 5 scrolls of immolation
 i - 6 scrolls of vulnerability
 o - 5 scrolls of fear
 q - 6 scrolls of enchant weapon
 x - 2 scrolls of brand weapon
 y - 7 scrolls of teleportation
 E - 4 scrolls of amnesia
 G - 9 scrolls of blinking
 I - 4 scrolls of poison
 O - 2 scrolls of enchant armour
 Q - 2 scrolls of butterflies
 X - 7 scrolls of fog
Potions
 f - 7 potions of heal wounds
 j - 6 potions of mutation
 l - 9 potions of attraction
 m - 5 potions of curing
 n - 2 potions of invisibility
 p - 5 potions of enlightenment
 s - 2 potions of cancellation
 B - a potion of magic
 M - 7 potions of might
 N - 8 potions of haste
 T - 4 potions of resistance
 U - 6 potions of ambrosia
 W - a potion of lignification {unknown}
Miscellaneous
 A - a box of beasts
 L - a lightning rod (4/4)
 Z - a condenser vane


   Skills:
 + Level 14.6 Fighting
 - Level 10.0 Short Blades
 + Level 7.1 Maces & Flails
 - Level 12.0 Polearms
 + Level 12.1 Armour
 + Level 12.1 Dodging
 - Level 4.0 Stealth
 - Level 23.3 Evocations


You had 18 spell levels left.
You didn't know any spells.
Your spell library was empty.

Dungeon Overview and Level Annotations

Branches:
Dungeon (15/15)            Temple (0/1) D:4            Lair (5/5) D:10
  Swamp (4/4) Lair:3       Spider (4/4) Lair:3        Slime (0/5) Lair:4
    Orc (2/2) D:11            Elf (1/3) Orc:2        Vaults (1/5) D:14
 Depths (0/4) D:15          IceCv (visited)

Altars:
Cheibriados
Elyvilon
Fedhas
Nemelex Xobeh
Okawaru
Zin
Beogh
Jiyva

Shops:
D:6 *   D:9 *   Orc:2 ?![*[(!!*   Vaults:1 (

Portals:
Bazaar: Vaults:1

Annotations:
D:7 2 transporters, yey's ghost, novice CoHu
D:9 2 transporters
Lair:2 2 transporters, ForkInBrain's ghost, journeyman GnWn


Innate Abilities, Weirdness & Mutations

You can wield a second weapon in your off-hand.
It takes a long time for you to wield or remove held weapons.
Your first few attacks do less damage.
You cannot equip rings or amulets.
Your health recovers twice as slowly from being drained.


Message History

You freeze the yaktaur captain!
The yaktaur captain is heavily wounded.
You impale the yaktaur captain with the +11 lance "Wyrmbane"!!
The peacekeeper bites you! The peacekeeper barely misses you.
Unknown command.
You hit the yaktaur captain with the +11 lance "Wyrmbane".
The yaktaur captain is severely wounded.
You barely miss the yaktaur captain with your +5 demon whip of freezing.
The yaktaur wields a +0 arbalest.
The yaktaur shoots a bolt.
The bolt hits you!!
* * * LOW HITPOINT WARNING * * *
The yaktaur captain closely misses you. The peacekeeper closely misses you.
The peacekeeper claws you but does no damage.
The peacekeeper barely misses you. The peacekeeper misses you.
You impale the yaktaur captain with the +11 lance "Wyrmbane"!!
You feel the power of Trog in you as your rage grows.
You kill the yaktaur captain!
Trog accepts your kill.
The yaktaur shoots a bolt.
The bolt hits you!
* * * LOW HITPOINT WARNING * * *
You whack the yaktaur with your +5 demon whip of freezing!
You freeze the yaktaur.
The yaktaur is moderately wounded.
You impale the yaktaur with the +11 lance "Wyrmbane"!!
You kill the yaktaur!
Trog accepts your kill. The peacekeeper misses you. The peacekeeper claws you!
* * * LOW HITPOINT WARNING * * *
The yaktaur wields a +0 arbalest.
The yaktaur shoots a bolt.
The bolt hits you!
* * * LOW HITPOINT WARNING * * *
You thrash the peacekeeper with your +5 demon whip of freezing!!
You freeze the peacekeeper.
The peacekeeper is severely damaged.
You hit the peacekeeper but do no damage.
The peacekeeper bites you!
* * * LOW HITPOINT WARNING * * *
The peacekeeper claws you!
* * * LOW HITPOINT WARNING * * *
The yaktaur unwields a +0 arbalest.
The yaktaur hits you!
You die...

.# . .. .##### #. .....#
#.# #....# . #.## #...
... ##..#######.##.∩.##
######~≈~~≈~~.9.@.......
.##≈≈≈≈≈≈~.~⌠...#c..#...
.# #≈≈≈~∩...)).#...#
.#####~~~~~.⌠...#####
.#..(...~~~...###
.#.........#..#
.'............#
##.........####
#.........#


You could see a peacekeeper and a yaktaur.

Vanquished Creatures
  Arachne (Spider:2)
  Gastronok (Lair:3)
  Kirke (D:14)
  Roxanne (D:15)
  Aizul (Spider:2)
  4 emperor scorpions
  Louise (Swamp:3)
  6 ghost moths
  4 broodmothers (Spider:4)
  An ironbound thunderhulk (Vaults:1)
  3 eleionomae
  A formless jellyfish (Vaults:1)
  4 dire elephants
  A spark wasp (Spider:2)
  3 bunyips
  A war gargoyle (Vaults:1)
  An ettin (Orc:1)
  2 blizzard demons (IceCv)
  Josephine (D:9)
  Snorg (D:11)
  9 slime creatures
  3 fire dragons (Swamp:4)
  2 yaktaur captains (Vaults:1)
  2 entropy weavers
  A great orb of eyes (D:15)
  A rakshasa (D:14)
  14 hydras
  Erica (D:8)
  A ghost crab (Swamp:4)
  8 vault guards (D:14)
  5 boulder beetles
  3 catoblepae (Lair:5)
  A tengu warrior (D:15)
  5 two-headed ogres
  10 alligators
  11 demonic crawlers
  6 death yaks (Lair:5)
  7 centaur warriors
  4 radroaches
  8 orc high priests (Orc:2)
  Urug (D:11)
  2 skysharks
  4 goliath frogs (Swamp:3)
  8 pharaoh ants
  Lodul (D:11)
  A skeletal warrior (D:11)
  4 spriggan druids
  6 orb spiders
  An arcanist (D:14)
  2 bog bodies
  A sun moth (Spider:3)
  Pikel (D:8)
  An ironbound convoker (Vaults:1)
  An obsidian statue (IceCv)
  3 lindwurms (Swamp:4)
  9 spriggan simulacra (IceCv)
  4 deep elf pyromancers
  4 steelbarb worms
  3 orc knights
  7 swamp dragons
  2 deep elf zephyrmancers (Elf:1)
  11 ugly things
  7 orc sorcerers (Orc:2)
  6 will-o-the-wisps
  19 wolf spiders
  A salamander (shapeshifter) (D:13)
  An oklob plant (Lair:4)
  2 cyclopes
  7 manticores
  11 elephants
  A salamander (D:15)
  5 meliai (Spider:4)
  A moth of wrath (Spider:3)
  Maurice (D:11)
  7 torpor snails
  Joseph (D:10)
  5 black mambas
  A kobold blastminer (Orc:2)
  6 molten gargoyles
  14 cane toads
  2 gargoyles
  Maggie (D:8)
  A kobold demonologist (D:10)
  3 yaktaurs (Vaults:1)
  2 rime drakes (Lair:2)
  A freezing wraith (D:15)
  2 anaconda simulacra (IceCv)
  2 tengu conjurers
  9 komodo dragons
  An efreet (D:15)
  Psyche (D:11)
  12 ice devils (IceCv)
  2 trolls (Orc:2)
  8 hornets
  A polar bear (Lair:5)
  24 tarantellas
  3 alligator simulacra (IceCv)
  7 tyrant leeches
  A bloated husk (Swamp:3)
  Prince Ribbit (D:7)
  5 dream sheep (Lair:5)
  Sigmund (D:2)
  21 culicivoras
  29 jumping spiders
  5 wraiths
  A fire elemental (Elf:1)
  60 yaks
  7 spriggans
  9 wyverns
  3 dire elephant simulacra (IceCv)
  A hog (D:14)
  A steam dragon (D:9)
  11 basilisks
  43 redbacks
  9 wargs (Orc:2)
  11 vampire mosquitoes
  5 minotaur simulacra (IceCv)
  2 harpy simulacra (IceCv)
  20 swamp worms
  Duvessa (D:5)
  5 acid dragons
  A hydra simulacrum (IceCv)
  15 water moccasins
  25 orc warriors
  9 swamp drakes (Swamp:4)
  3 ice beasts
  An ettin simulacrum (IceCv)
  22 ogres
  24 centaurs
  21 wolves
  A phantom (D:6)
  2 kobold brigands
  8 deep troll simulacra (IceCv)
  13 bullfrogs
  2 gnoll sergeants
  3 scorpions
  11 wights
  Dowan (D:5)
  4 killer bees (D:10)
  3 lindwurm simulacra (IceCv)
  A howler monkey (D:8)
  An electric eel (D:14)
  5 lava snakes (D:11)
  3 bombardier beetles
  36 orc priests
  Crazy Yiuf (D:2)
  3 hounds
  4 jellies
  A gnoll bouda (D:9)
  3 iguanas (D:6)
  2 sleepcaps
  Natasha (D:2)
  26 orc wizards
  12 hell rats
  11 gnolls
  8 adders
  A shadow imp (D:7)
  2 white imps
  4 ufetubi
  2 ribbon worms (D:2)
  2 dart slugs
  108 orcs
  5 bats
  8 endoplasms
  3 giant cockroaches
  11 goblins
  13 hobgoblins
  4 quokkas
  4 ball pythons
  5 frilled lizards
  16 kobolds
  4 rats
1127 creatures vanquished.

Vanquished Creatures (collateral kills)
  A radroach (Spider:3)
  An orb spider (Spider:3)
  A torpor snail (Spider:3)
  2 culicivoras (Spider:3)
  A redback (Spider:3)
6 creatures vanquished.

Vanquished Creatures (others)
  A ghost moth (Spider:3)
  A bloated husk (Swamp:1)
  A yak (D:11)
  2 swamp drakes (Swamp:4)
  2 orc wizards
  An orc (D:14)
  22 foxfires
30 creatures vanquished.

Grand Total: 1163 creatures vanquished

Notes
Turn   | Place    | Note
-------+----------+-------------------------------------------
     0 | D:1      | hikkokomori the Coglin Berserker began the quest for the
                  | Orb.
     0 | D:1      | Reached XP level 1. HP: 18/18 MP: 1/1
   221 | D:1      | Reached XP level 2. HP: 24/24 MP: 2/2
   790 | D:2      | Reached XP level 3. HP: 28/29 MP: 3/3
   916 | D:2      | Found a runed translucent door.
   917 | D:2      | Noticed Crazy Yiuf
  1161 | D:2      | Reached ** piety under Trog
  1170 | D:2      | Noticed Natasha
  1201 | D:2      | Killed Natasha
  1202 | D:2      | Reached XP level 4. HP: 29/37 MP: 4/4
  1262 | D:2      | Noticed Sigmund
  1271 | D:2      | Killed Sigmund
  1272 | D:2      | Reached skill level 5 in Fighting
  1272 | D:2      | Reached XP level 5. HP: 44/44 MP: 5/5
  1272 | D:2      | Reached XP level 6. HP: 51/51 MP: 6/6
  1475 | D:2      | Killed Crazy Yiuf
  2054 | D:4      | Reached skill level 5 in Short Blades
  2125 | D:4      | Reached XP level 7. HP: 49/55 MP: 7/7
  2233 | D:4      | Found a staircase to the Ecumenical Temple.
  2234 | D:4      | Reached *** piety under Trog
  2711 | D:5      | Entered Level 5 of the Dungeon
  3103 | D:5      | Reached XP level 8. HP: 58/65 MP: 8/8
  3157 | D:5      | Found a white marble altar of Elyvilon.
  3363 | D:5      | Noticed Duvessa
  3364 | D:5      | Noticed Dowan
  3375 | D:5      | Killed Duvessa
  3380 | D:5      | Killed Dowan
  3953 | D:6      | Found Xazisub's Gadget Gallery.
  4050 | D:6      | Found a snail-covered altar of Cheibriados.
  4082 | D:6      | Reached XP level 9. HP: 51/75 MP: 9/9
  4199 | D:6      | Reached **** piety under Trog
  4948 | D:7      | Noticed yey's ghost (novice CoHu)
  4949 | D:7      | Found a transporter.
  5075 | D:7      | Found a glowing silver altar of Zin.
  5709 | D:7      | Noticed Prince Ribbit
  5727 | D:7      | Killed Prince Ribbit
  5728 | D:7      | Reached skill level 10 in Fighting
  5815 | D:7      | Found a transporter.
  6129 | D:8      | Noticed Pikel
  6145 | D:8      | Killed Pikel
  6146 | D:8      | Reached XP level 10. HP: 86/86 MP: 10/10
  6692 | D:8      | Noticed a two-headed ogre
  6699 | D:8      | Killed a two-headed ogre
  6700 | D:8      | Reached skill level 10 in Short Blades
  6700 | D:8      | Reached skill level 1 in Stealth
  6700 | D:8      | Reached skill level 1 in Evocations
  6960 | D:8      | Reached skill level 2 in Evocations
  7010 | D:8      | Found an iron altar of Okawaru.
  7048 | D:8      | Noticed Maggie
  7063 | D:8      | Killed Maggie
  7070 | D:8      | Noticed Erica
  7104 | D:8      | Killed Erica
  7104 | D:8      | Reached ***** piety under Trog
  7105 | D:8      | Reached skill level 3 in Evocations
  7396 | D:9      | Noticed a gargoyle
  7408 | D:9      | Killed a gargoyle
  7409 | D:9      | Reached skill level 1 in Polearms
  7409 | D:9      | Reached skill level 4 in Evocations
  7541 | D:9      | Reached XP level 11. HP: 87/93 MP: 11/11
  7557 | D:9      | Reached skill level 5 in Evocations
  7582 | D:9      | Reached skill level 6 in Evocations
  7744 | D:9      | Found Zimudd's Assorted Antiques.
  7752 | D:9      | Bought an encrusted gold wand for 96 gold pieces
  7989 | D:9      | Found a transporter.
  8071 | D:9      | Found a transporter.
  8268 | D:9      | Noticed a two-headed ogre
  8277 | D:9      | Killed a two-headed ogre
  8278 | D:9      | Reached skill level 7 in Evocations
  8605 | D:10     | Entered Level 10 of the Dungeon
  8605 | D:10     | Noticed Joseph
  8605 | D:10     | Noticed Josephine
  8614 | D:9      | Killed Josephine
  8615 | D:9      | Reached skill level 8 in Evocations
  8764 | D:9      | Reached skill level 5 in Polearms
  8980 | D:10     | Killed Joseph
  9329 | D:10     | Reached skill level 9 in Evocations
  9352 | D:10     | Found a staircase to the Lair.
  9511 | D:10     | Found a sparkling altar of Nemelex Xobeh.
 10101 | D:11     | Reached skill level 10 in Evocations
 10135 | D:11     | Reached XP level 12. HP: 71/100 MP: 12/12
 10231 | D:11     | Noticed Psyche
 10231 | D:11     | Noticed Maurice
 10242 | D:11     | Killed Psyche
 10242 | D:11     | Noticed Snorg
 10251 | D:11     | Killed Maurice
 10255 | D:11     | Killed Snorg
 10256 | D:11     | Reached skill level 11 in Evocations
 10560 | D:11     | Noticed a two-headed ogre
 10568 | D:11     | Killed a two-headed ogre
 10852 | D:11     | Reached skill level 12 in Evocations
 10852 | D:11     | Noticed Lodul
 10871 | D:11     | Killed Lodul
 11034 | D:6      | Bought a condenser vane for 560 gold pieces
 11034 | D:6      | Bought a wand of paralysis (5) for 168 gold pieces
 11122 | Lair:1   | Entered Level 1 of the Lair of Beasts
 11560 | Lair:1   | Received a gift from Trog
 11784 | Lair:1   | Reached skill level 13 in Evocations
 12457 | Lair:2   | Found a transporter.
 12461 | Lair:2   | Noticed ForkInBrain's ghost (journeyman GnWn)
 12522 | Lair:2   | Reached XP level 13. HP: 106/106 MP: 13/13
 12625 | Lair:2   | Found a transporter.
 12934 | Lair:2   | Reached skill level 5 in Armour
 12934 | Lair:2   | Reached skill level 5 in Dodging
 12935 | Lair:2   | Identified the +0 robe of Nemelex Xobeh {rC+ Int+5}
 13450 | Lair:3   | Noticed Gastronok
 13455 | Lair:3   | Killed Gastronok
 13922 | Lair:3   | Reached skill level 10 in Polearms
 14128 | Lair:3   | Received a gift from Trog
 14591 | Lair:3   | Found a hole to the Spider Nest.
 15124 | Lair:3   | Found a staircase to the Swamp.
 15429 | Lair:4   | Reached XP level 14. HP: 113/113 MP: 14/14
 15430 | Lair:4   | Acquired a NW-40 hydromodule {Gadgeteer, Will+ Slay+3}
 15443 | Lair:4   | Reached XP level 15. HP: 118/118 MP: 15/15
 15506 | Lair:4   | Found a staircase to the Slime Pits.
 15514 | Lair:4   | Found a viscous altar of Jiyva.
 16712 | D:12     | Received a gift from Trog
 17043 | D:12     | Found a portal to a secret trove of treasure.
 17077 | D:12     | You paid a toll of a +6 demon trident to enter a treasure
                  | trove
 17078 | Trove    | Entered a treasure trove
 17115 | Trove    | Identified the +6 chain mail of Hospitality {rC+ Will++
                  | Str+4 Stlth+}
 17137 | Trove    | Identified the +1 helmet of Greed {Rampage}
 17149 | Trove    | Identified the +3 ring mail of the Shoals {rElec Int+3}
 17150 | Trove    | Identified the +7 bardiche "Ajem" {spect, rPois rCorr Int+7
                  | Dex-2}
 17151 | Trove    | Identified the +0 sling of Wrongful Imprisonment {freeze,
                  | rPois rF+ Will- SInv}
 18007 | D:13     | Reached skill level 14 in Evocations
 18681 | D:11     | Found a staircase to the Orcish Mines.
 18687 | D:11     | Noticed Urug
 18714 | D:11     | Killed Urug
 18931 | D:11     | Identified the +1 robe "Vagownu" {+Blink rPois rC+}
 18966 | D:11     | Reached skill level 15 in Evocations
 19279 | Orc:1    | Entered Level 1 of the Orcish Mines
 19472 | Orc:1    | You fall into a shaft and drop 1 floor!
 19472 | Orc:2    | Entered Level 2 of the Orcish Mines
 19707 | Orc:2    | Reached skill level 16 in Evocations
 19805 | Orc:2    | Reached ****** piety under Trog
 19835 | Orc:2    | Found a roughly hewn altar of Beogh.
 19896 | Orc:2    | Found Mosueff's Antique Armour Shop.
 19902 | Orc:2    | Found a staircase to the Elven Halls.
 19981 | Orc:1    | Found a roughly hewn altar of Beogh.
 20307 | Orc:2    | Found Qur Kun's Magic Scroll Shoppe.
 20333 | Orc:2    | Bought a scroll of identify for 30 gold pieces
 20333 | Orc:2    | Bought a scroll of teleportation for 45 gold pieces
 20333 | Orc:2    | Bought a scroll of teleportation for 45 gold pieces
 20333 | Orc:2    | Bought a scroll of fog for 60 gold pieces
 20333 | Orc:2    | Bought a scroll of poison for 60 gold pieces
 20333 | Orc:2    | Bought a scroll of noise for 15 gold pieces
 20333 | Orc:2    | Bought a scroll of vulnerability for 60 gold pieces
 20361 | Orc:2    | Reached skill level 17 in Evocations
 20408 | Orc:2    | Identified the +3 dagger of Misery {flame, Will+ Str+3
                  | SInv} (Trog gifted it to you on level 2 of the Orcish
                  | Mines)
 20408 | Orc:2    | Received a gift from Trog
 20448 | Orc:2    | Gained mutation: Your health recovers twice as slowly from
                  | being drained. [a neqoxec]
 20643 | Orc:2    | Found Keinu's Assorted Antiques.
 20655 | Orc:2    | Bought a bloodstained cloak for 313 gold pieces
 20655 | Orc:2    | Identified the +1 cloak of the Sun {^Drain rC+ rN+} (You
                  | bought it in a shop on level 2 of the Orcish Mines)
 20663 | Orc:2    | Found a roughly hewn altar of Beogh.
 20685 | Orc:2    | Found Hethriyt's Armour Emporium.
 20871 | Orc:2    | Found Yrghiqeax's General Store.
 20886 | Orc:2    | Bought 2 scrolls of blinking for 225 gold pieces
 20886 | Orc:2    | Bought a scroll of identify for 30 gold pieces
 20887 | Orc:2    | Bought a scroll of identify for 30 gold pieces
 20892 | Orc:2    | Found Asihode's Distillery.
 20906 | Orc:2    | Bought a potion of mutation for 120 gold pieces
 20906 | Orc:2    | Bought a potion of enlightenment for 75 gold pieces
 20906 | Orc:2    | Bought a potion of heal wounds for 75 gold pieces
 20915 | Orc:2    | Found Fuejoekh's Distillery.
 20925 | Orc:2    | Found Takeet's Weapon Emporium.
 20937 | Orc:2    | Bought 2 potions of might for 80 gold pieces
 21020 | Orc:2    | Found Fusmo's Distillery.
 21028 | Orc:2    | Reached skill level 18 in Evocations
 21045 | Orc:2    | Bought a potion of mutation for 136 gold pieces
 21045 | Orc:2    | Bought a potion of mutation for 136 gold pieces
 21045 | Orc:2    | Bought a potion of haste for 170 gold pieces
 21045 | Orc:2    | Bought a potion of haste for 170 gold pieces
 21187 | Orc:2    | Found a roughly hewn altar of Beogh.
 21469 | Elf:1    | Entered Level 1 of the Elven Halls
 21474 | Elf:1    | Reached XP level 16. HP: 120/124 MP: 16/16
 21840 | Lair:5   | Entered Level 5 of the Lair of Beasts
 21878 | Lair:5   | Received a gift from Trog
 22047 | Lair:5   | Reached skill level 19 in Evocations
 23061 | Lair:5   | Reached skill level 20 in Evocations
 23632 | Lair:5   | Reached skill level 21 in Evocations
 23640 | Lair:5   | Identified the +7 orcbow of Carved Reinforcement {speed,
                  | rPois rN+ Dex-3 Stlth+}
 24460 | D:14     | Found a gate to the Vaults.
 24535 | D:14     | Reached skill level 22 in Evocations
 24705 | D:14     | Noticed Kirke
 24722 | D:14     | Killed Kirke
 24787 | D:14     | Received a gift from Trog
 25178 | D:15     | Entered Level 15 of the Dungeon
 25369 | D:15     | Found a blossoming altar of Fedhas.
 25463 | D:15     | Found a staircase to the Depths.
 25718 | D:15     | Noticed Roxanne
 25734 | D:15     | Killed Roxanne
 25975 | D:15     | Reached skill level 23 in Evocations
 25983 | D:15     | Reached XP level 17. HP: 103/131 MP: 17/17
 26557 | Swamp:1  | Entered Level 1 of the Swamp
 27922 | Swamp:2  | Identified the +1 ring mail of the Lich-sworn {rF+ rC+}
 28228 | Swamp:3  | Received a gift from Trog
 28483 | Swamp:3  | Found a glacial archway.
 28493 | IceCv    | Entered an ice cave
 29993 | Swamp:3  | Noticed Louise
 30026 | Swamp:3  | Killed Louise
 30145 | Swamp:4  | Entered Level 4 of the Swamp
 30339 | Swamp:4  | Received a gift from Trog
 30364 | Swamp:4  | Reached skill level 1 in Maces & Flails
 30547 | Swamp:4  | Reached skill level 10 in Armour
 30625 | Swamp:4  | Reached skill level 10 in Dodging
 30658 | Swamp:4  | Reached XP level 18. HP: 129/142 MP: 18/18
 31395 | Swamp:4  | Got a decaying rune of Zot
 31547 | Spider:1 | Entered Level 1 of the Spider Nest
 31589 | Spider:1 | Identified the +0 pair of gloves "Oliosig" {rElec rN+++
                  | Str-4 Int-5}
 32412 | Spider:2 | Noticed Arachne
 32432 | Spider:2 | Killed Arachne
 32862 | Spider:2 | Identified the serpent talisman of the Freezing Gods
                  | {Will+}
 32862 | Spider:2 | Noticed Aizul
 32877 | Spider:2 | Killed Aizul
 33720 | Spider:3 | Received a gift from Trog
 34828 | Spider:3 | Reached skill level 5 in Maces & Flails
 35833 | Spider:4 | Entered Level 4 of the Spider Nest
 35839 | Spider:4 | Received a gift from Trog
 36213 | Spider:4 | Reached XP level 19. HP: 126/149 MP: 1/19
 36936 | Spider:4 | Got a gossamer rune of Zot
 37371 | Spider:4 | Received a gift from Trog
 37984 | Vaults:1 | Entered Level 1 of the Vaults
 38149 | Vaults:1 | Found a flickering gateway to a bazaar.
 38181 | Vaults:1 | Found Tadweffa's Weapon Emporium.
 38189 | Vaults:1 | HP: 7/229 [peacekeeper (7)]
 38190 | Vaults:1 | Slain by a yaktaur

Illustrated notes

Levels and vault maps discovered:
D:1:      dpeg_arrival_rooms_b, layout_loops_cross, minmay_misc_feat_five,
          amcnicky_mini_corridor_feature, ebering_dispersal_statue_hall
D:2:      layout_basic, minmay_pentomino_pile, uniq_natasha, uniq_sigmund,
          uniq_crazy_yiuf_cottage
D:3:      layout_rooms, minmay_misc_feat_hallway, minmay_goblin_kobold_house
D:4:      kennysheep_the_goblin_king, layout_rooms, minmay_temple_entry_waves
D:5:      layout_gridville, mainiacjoe_overflow_catwalk, uniq_duvessa
D:6:      layout_basic, cheibriados_altar_1, nicolae_shop_gadgets
D:7:      layout_layer_cave, zin_treasury, gammafunk_ghost_stat_death,
          kennysheep_nondescript, uniq_prince_ribbit1
D:8:      layout_rooms, lemuel_coloured_pillars_altar, kennysheep_small_circle,
          uniq_maggie, uniq_pikel, uniq_erica
D:9:      gammafunk_cloud_chamber, layout_gridville, serial_shops,
          nicolae_shop_statue_plus
D:10:     layout_cave_pools, nemelex_xobeh_ov_fountains_minmay,
          david_lair_generic, uniq_joseph, uniq_josephine
D:11:     cheibrodos_magma_flow, layout_basic, orc_0_dummy,
          kennysheep_generic_room_10, uniq_snorg, uniq_lodul, uniq_psyche,
          uniq_maurice, uniq_urug
D:12:     layout_loops_ring, enter_trove_0
D:13:     layout_stronghold, minivault_8
D:14:     nicolae_whirlpool, layout_irregular_city, erik_vaults_2,
          minmay_misc_feat_plants, statue_in_the_mist_lemuel,
          minmay_misc_feat_cross, minmay_crystal_water, uniq_kirke
D:15:     hangedman_depths_entry_try_elsewhere_first, layout_loops_cross,
          minmay_strange_pillars, fedhas_altar_3, uniq_roxanne
Lair:1:   layout_concentric_octagons, st_stairs_12, beast_lair_carwin_1,
          grunt_megastairs_2, lemuel_fruit_fields, serial_bayou_shore_b
Lair:2:   layout_roguey, gammafunk_ghost_berserking_beasts,
          grunt_forest_large_clearing_hut
Lair:3:   layout_cave_pods, mainiacjoe_swamp_entry_angry_trees,
          spider_nest_entry_rubble, grunt_megastairs_1, uniq_gastronok
Lair:4:   layout_hall_layers, nicolae_slime_entry_field_trip,
          eino_small_chamber_without_monster, serial_bayou_ford_a
Lair:5:   evilmike_catoblepas_cave, layout_layer_cave, serial_bayou_shore_b
Swamp:1:  nicolae_swamp_ascending_descending_big, layout_basic_swamp,
          evilmike_swamp_ruin_house_1, swamp_pool_1_2,
          nicolae_swamp_alligator_family
Swamp:2:  layout_basic_swamp, evilmike_swamp_ruin_house_5, lightli_tree_ring,
          infiniplex_staircase_pool
Swamp:3:  layout_falls_marsh, portal_ice_cave_entry_pillars_2,
          nicolae_swamp_some_circles, uniq_louise
Swamp:4:  swamp_fiery, layout_basic_swamp, swamp_pool_1_2,
          nicolae_swamp_triple_paths, nicolae_swamp_big_swirl
Spider:1: layout_spider_delve, hangedman_spider_tarantella_strand
Spider:2: layout_spider_delve, uniq_arachne, uniq_aizul
Spider:3: layout_cave_pods
Spider:4: grunt_spider_rune_parallel
Orc:1:    layout_caves, basic_altar, nicolae_orc_rockfall
Orc:2:    st_orc_town, layout_diamond_mine, basic_altar, serial_shops,
          nicolae_shop_tiny_real_fake_doors, shop, nicolae_shop_trees,
          nicolae_shop_advertising_works [nicolae_subvault_shop_adworks], shop,
          minmay_orc_temple_c
Elf:1:    minmay_elf_arrival_summoners, layout_onion_city, serial_shops,
          nicolae_book_shop_shelving, guppyfry_elf_altar
Vaults:1: portal_desolation_entry_twin_temple, v_alt_pattern_1, st_cells,
          nicolae_vaults_network_quinsquares
          [nicolae_vaults_network_quincunx_subvault,
          nicolae_vaults_network_quincunx_subvault,
          nicolae_vaults_network_quincunx_subvault,
          nicolae_vaults_network_quincunx_subvault],
          nicolae_vaults_closet_pinwheel_6, grunt_vaults_bifocal,
          nicolae_vaults_trapezoid_lopsided_4, v_misc_19,
          nicolae_vaults_asterisk, hangedman_vaults_maws,
          nicolae_vaults_little_squares_6,
          nicolae_vaults_taking_the_gang_shopping, v_misc_13,
          layout_vaults_maze_bifur, serial_shops, bzr_entry_lakeside, shop

Skill      XL: |  1  2  3  4  5  6  7  8  9 10 11 12 13 14 15 16 17 18 19 |
---------------+----------------------------------------------------------+-----
Short Blades   | 3 4 5 6 7 9 10 | 10.0
Fighting       | 4 5 6 8 10 11 12 14 | 14.6
Armour         | 3 4 8 10 11 12 | 12.1
Dodging        | 3 4 7 8 10 11 12 | 12.1
Stealth        | 2 4 |  4.0
Evocations     | 4 10 13 18 23 | 23.3
Polearms       | 2 6 9 11 12 | 12.0
Maces & Flails | 1 5 7 |  7.1

Action                     |  1- 3 |  4- 6 |  7- 9 | 10-12 | 13-15 | 16-18 | 19-21 || total
---------------------------+-------+-------+-------+-------+-------+-------+-------++-------
  Melee: Dagger            |   155 |   157 |   537 |   375 |   359 |  1147 |       ||  2730
         Short sword       |    23 |       |   240 |   224 |       |       |       ||   487
         Lance             |       |       |       |   463 |   703 |  1585 |   234 ||  2985
         Demon trident     |       |       |       |    60 |   282 |       |       ||   342
         Demon whip        |       |       |       |       |       |   211 |   229 ||   440
  Throw: Javelin           |       |       |     4 |       |       |       |       ||     4
 Invoke: Berserk           |       |     2 |     6 |     8 |    10 |     9 |     2 ||    37
         Trog's Hand       |       |       |       |     1 |     1 |       |       ||     2
Ability: Invent Gizmo      |       |       |       |       |     1 |       |       ||     1
  Evoke: Wand              |       |       |       |    14 |     9 |    48 |     5 ||    76
         Condenser vane    |       |       |       |       |     1 |       |       ||     1
         Box of beasts     |       |       |       |       |       |     1 |       ||     1
         Lightning rod     |       |       |       |       |       |       |     1 ||     1
    Use: Scroll            |       |       |       |     7 |    18 |     2 |     1 ||    28
         Potion            |       |       |       |       |     1 |     2 |     1 ||     4
   Stab: Sleeping          |     3 |       |       |     5 |    10 |     9 |       ||    27
         Paralysed         |       |       |       |     4 |       |     4 |       ||     8
         Distracted        |       |       |       |     3 |     3 |       |       ||     6
         Held in net/web   |       |       |       |       |     5 |       |       ||     5
         Petrifying        |       |       |       |       |       |     1 |       ||     1
 Armour: Animal skin       |     9 |       |       |       |       |       |       ||     9
         Scale mail        |    32 |    31 |   272 |    52 |       |       |       ||   387
         Swamp dragon scal |       |       |       |   284 |   168 |       |       ||   452
         Chain mail        |       |       |       |       |   222 |   992 |   288 ||  1502
  Dodge: Dodged            |    26 |    38 |   145 |   214 |   283 |   562 |   217 ||  1485

Table legend: (Time is in decaauts)
 A = Elapsed time spent in this place.
 B = Non-inter-level travel time spent in this place.
 C = Inter-level travel time spent in this place.
 D = Time resting spent in this place.
 E = Time spent auto-exploring this place.
 F = Levels seen in this place.
 G = Mean time per level.
                   A        B        C        D        E       F      G
               +--------+--------+--------+--------+--------+-----+--------+
         Total |  36715 |  34504 |   2211 |   1693 |  26955 |  34 | 1079.9 |
       Dungeon |  15965 |  14688 |   1277 |    615 |  11502 |  15 | 1064.3 |
          Lair |   7698 |   7139 |    559 |    445 |   5775 |   5 | 1539.6 |
         Swamp |   3591 |   3486 |    105 |      0 |   2930 |   4 |  897.8 |
   Spider Nest |   5989 |   5827 |    162 |    505 |   4478 |   4 | 1497.2 |
  Orcish Mines |   2168 |   2061 |    107 |    125 |   1446 |   2 | 1084.0 |
   Elven Halls |     37 |     37 |      0 |      3 |      0 |   1 |   37.0 |
        Vaults |    184 |    184 |      0 |      0 |      0 |   1 |  184.0 |
         Trove |     94 |     94 |      0 |      0 |      0 |   1 |   94.0 |
      Ice Cave |    986 |    986 |      0 |      0 |    823 |   1 |  986.0 |
               +--------+--------+--------+--------+--------+-----+--------+

Top non-repeatable levels by time:
Spider:3: 1832 daAuts
Spider:4: 1822 daAuts
    D:11: 1800 daAuts
     D:9: 1796 daAuts
  Lair:3: 1710 daAuts
  Lair:5: 1684 daAuts
   Orc:2: 1671 daAuts
Spider:2: 1670 daAuts
  Lair:4: 1469 daAuts
  Lair:2: 1465 daAuts
  Lair:1: 1368 daAuts
     D:7: 1273 daAuts
     D:6: 1239 daAuts
     D:8: 1219 daAuts
 Swamp:4: 1192 daAuts
